 Dungeon Crawl Stone Soup version 0.29.1-1-gd02db6906a (webtiles) character file.

Game seed: 4139890973526624605

27 Linkola the Shooter (level 3, 13/26 (27) HPs)
             Began as a Formicid Hunter on Sept 27, 2022.
             Quit the game on level 1 of the Dungeon.
             The game lasted 00:03:27 (727 turns).

Linkola the Shooter (Formicid Hunter)                Turns: 727, Time: 00:03:28

HP:   13/26 (27)    AC:  5    Str: 17    XL:     3   Next: 25%
MP:   3/3           EV: 11    Int: 14    God:
Gold: 37            SH:  0    Dex: 17    Spells: 2/2 levels left

rFire   . . .      SeeInvis +   a - +0 shortbow
rCold   . . .      Faith    .   (no shield)
rNeg    . . .      Spirit   .   f - +0 ring mail
rPois   .          Reflect  .   (helmet unavailable)
rElec   .          Harm     .   (no cloak)
rCorr   .          Rampage  .   (no gloves)
Will    .....                   (no boots)
Stlth   +.........              (no amulet)
HPRegen 0.08/turn               d - +6 ring of intelligence
MPRegen 0.08/turn               (no ring)

@: lightly drained
A: permanent stasis, dig shafts and tunnels, antennae 3, four strong arms
a: Dig, Shaft Self


You were on level 1 of the Dungeon.
You visited 1 branch of the dungeon, and saw 1 of its levels.

You collected 37 gold pieces.

Inventory:

Hand Weapons
 a - a +0 shortbow (weapon)
Armour
 c - a +0 leather armour
 f - a +0 ring mail (worn)
Jewellery
 d - a +6 ring of intelligence (left hand)
Scrolls
 b - a scroll of immolation
 e - a scroll of summoning {unknown}
 g - a scroll of vulnerability {unknown}
 h - 2 scrolls of fog {unknown}
 i - a scroll of magic mapping {unknown}
 j - a scroll of teleportation {unknown}


   Skills:
 + Level 2.2 Fighting
 + Level 4.9 Ranged Weapons
 + Level 0.2 Armour
 + Level 1.7 Dodging
 + Level 1.2 Stealth


You had 2 spell levels left.
You didn't know any spells.
Your spell library contained the following spells:

 Spells                   Type           Power      Damage    Failure   Level
 Sandblast                Erth           0%         2d4       47%         1
 Passwall                 Tmut/Erth      0%         N/A       63%         2
 Stone Arrow              Conj/Erth      0%         3d7       85%         3


Dungeon Overview and Level Annotations

Branches:
Dungeon (1/15)

Altars:


Innate Abilities, Weirdness & Mutations

You cannot be hasted, slowed, berserked, paralysed or teleported.
You can dig through walls and to a lower floor.
You have a pair of large antennae on your head. (SInv)
Your four strong arms can wield two-handed weapons with a shield.


Message History

A jackal comes into view.
The kobold completely misses you.
You shoot an arrow. The arrow hits the gnoll.
The gnoll is moderately wounded.
The gnoll hits you with a +0 flail! The kobold completely misses you.
You shoot an arrow. The arrow hits the gnoll!
You kill the gnoll!
The kobold barely misses you.
You have reached level 3!
Your experience leads to an increase in your attributes!
Your base attributes are Str 15, Int 8, Dex 17.
Increase (S)trength, (I)ntelligence, or (D)exterity?
You feel stronger. x2
Fire: a) +0 shortbow
Press: ? - help, Q - select action, (/) - cycle Shift-Dir - straight line, f - kobold
Aim: a kobold, wielding a +0 short sword (56% to hit)
You shoot an arrow. The arrow hits the kobold.
The kobold is heavily wounded.
A jackal comes into view.
The kobold hits you with a +0 short sword.
The frilled lizard closely misses you. The kobold hits you but does no damage.
Fire: a) +0 shortbow
Press: ? - help, Q - select action, (/) - cycle Shift-Dir - straight line, f/p - kobold
Aim: a kobold, wielding a +0 short sword (heavily wounded, 56% to hit)
You shoot an arrow. The arrow barely misses the kobold.
The kobold hits you with a +0 short sword.
The frilled lizard barely misses you.
Fire: a) +0 shortbow
Press: ? - help, Q - select action, (/) - cycle Shift-Dir - straight line, f/p - kobold
Aim: a kobold, wielding a +0 short sword (heavily wounded, 56% to hit)
You shoot an arrow.
The arrow hits the kobold but does no damage.
The kobold is heavily wounded.
The kobold closely misses you.
The frilled lizard bites you but does no damage.
You are too injured to fight recklessly!
You are too injured to fight recklessly!
You are too injured to fight recklessly!
Unknown command.
Are you sure you want to abandon this character and quit the game? (Confirm with "yes".)

#...#.#.. #? ##..#....
#. P##....>### #.
_.#####.# #. .P# #.# #.
#.# #.# #. #P. #.### .
#.#######8###.#...#
....#K@.....#....P#....
.....hl......#'#####...#
.....h###.........######
...... #...............
..##) #............... .
.. #.#######....... {#$
#.# #....... .# #.#
######## #.#


You could see 2 jackals, a kobold and a frilled lizard.

Vanquished Creatures
  A gnoll (D:1)
  A ball python (D:1)
  An endoplasm (D:1)
  A giant cockroach (D:1)
  A goblin (D:1)
  2 hobgoblins (D:1)
  2 quokkas (D:1)
  3 bats (D:1)
  A frilled lizard (D:1)
  2 kobolds (D:1)
  A rat (D:1)
16 creatures vanquished.

Notes
Turn   | Place    | Note
-------+----------+-------------------------------------------
     0 | D:1      | Linkola the Formicid Hunter began the quest for the Orb.
     0 | D:1      | Reached XP level 1. HP: 16/16 MP: 1/1
   111 | D:1      | Reached XP level 2. HP: 21/22 MP: 2/2
   694 | D:1      | Found a faded altar of an unknown god.
   724 | D:1      | Reached XP level 3. HP: 15/26 MP: 3/3
   727 | D:1      | Quit the game

Illustrated notes

Levels and vault maps discovered:
D:1:      wheals_arrival_linesprint, layout_basic,
          shapermc_ecumenical_altar_ellora, minmay_pentomino_r4

Action                   || total
-------------------------++-------
 Fire: Shortbow          ||    48
 Abil: Dig               ||     4
Armor: Ring mail         ||     9
Dodge: Dodged            ||    21
